 Dungeon Crawl Stone Soup version 0.24.0-28-g17ded55e90 (webtiles) character file.

Game seed: 15717982889760441660, levelgen mode: deterministic

1094 sking99 the Ruffian (level 8, 39/43 HPs)
             Began as a Vine Stalker Fighter on Nov 12, 2019.
             Was a Follower of Yredelemnul.
             Quit the game on level 5 of the Dungeon.
             The game lasted 00:08:26 (4549 turns).

sking99 the Ruffian (Vine Stalker Fighter)          Turns: 4549, Time: 00:08:26

Health: 39/43      AC: 11    Str: 20    XL:     8   Next: 31%
Magic:  9/9        EV:  5    Int:  8    God:    Yredelemnul [*.....]
Gold:   247        SH: 10    Dex: 15    Spells: 7/7 levels left

rFire    . . .     SeeInvis .     - Unarmed
rCold    . . .     Gourm    .   b - +0 shield
rNeg     . . .     Faith    .   w - +0 chain mail
rPois    .         Spirit   +   p - +2 helmet
rElec    .         Reflect  .   (no cloak)
rCorr    .         Harm     .   (no gloves)
MR       +....                  (no boots)
Stlth    ..........             (no amulet)
HPRegen  0.54/turn              (no ring)
MPRegen  0.11/turn              (no ring)

@: mildly poisoned (39 -> 38)
A: fangs 3, regeneration 1, magic shield, antimagic bite, no potion heal 3, rot
immunity
a: Animate Remains, Renounce Religion


You were on level 5 of the Dungeon.
You worshipped Yredelemnul.
Yredelemnul was aware of your devotion.
You were not hungry.

You visited 1 branch of the dungeon, and saw 5 of its levels.

You collected 247 gold pieces.

Inventory:

Missiles
 f - a throwing net (quivered)
Armour
 b - a +0 shield (worn)
 p - a +2 helmet (worn)
 w - a +0 chain mail (worn)
Jewellery
 k - a +3 ring of strength {unknown}
 m - an uncursed amulet of rage {unknown}
 y - an uncursed ring of magical power {unknown}
Wands
 a - a wand of polymorph (7)
 t - a wand of flame (13)
Scrolls
 e - 4 scrolls of enchant weapon {unknown}
 h - 2 scrolls of teleportation {unknown}
 i - 4 scrolls of identify {unknown}
 j - a scroll of magic mapping {unknown}
 o - 3 scrolls of remove curse {unknown}
 r - a scroll of fear {unknown}
 v - a scroll of blinking {unknown}
 x - a scroll of vulnerability {unknown}
Potions
 c - 2 potions of might
 g - 3 potions of curing {unknown}
 l - 2 potions of flight {unknown}
 n - a potion of invisibility {unknown}
 q - 2 potions of degeneration {unknown}
 s - a potion of ambrosia {unknown}
 u - a potion of agility {unknown}
Comestibles
 d - 11 rations
 z - 6 chunks of flesh


   Skills:
 + Level 5.0 Fighting
 - Level 2.4 Armour
 + Level 5.1 Shields
 * Level 7.0 Unarmed Combat


You had 7 spell levels left.
You didn't know any spells.
Your spell library was empty.

Dungeon Overview and Level Annotations

Branches:
Dungeon (5/15)             Temple (0/1) D:5

Altars:
Elyvilon
Kikubaaqudgha
Nemelex Xobeh
Sif Muna
Yredelemnul
The Shining One

Shops:
D:4 =


Innate Abilities, Weirdness & Mutations

You have razor-sharp teeth.
Your natural rate of healing is unusually fast.
When hurt, damage is shared between your health and your magic reserves.
Your bite disrupts and absorbs the magic of your enemies.
Potions cannot restore your health.
You are immune to rotting.


Message History

You hit the orc wizard. Your bite misses the orc wizard.
The orc wizard is lightly wounded.
You feel sick.
The orc wizard gestures at you while chanting.
The magic dart hits you but does no damage.
The hound skeleton bites you but does no damage.
You hit the orc wizard. Your bite misses the orc wizard.
The orc wizard is heavily wounded.
You feel sick.
The orc wizard hits you but does no damage.
You block the hound skeleton's attack.
Blork hits the hound skeleton with a +0 long sword.
You closely miss the orc wizard. You bite the orc wizard.
The orc wizard's magic leaks into the air.
You drain its magic.
You feel invigorated.
The orc wizard is severely wounded.
The hound skeleton barely misses you.
The orc wizard hits you but does no damage.
Blork barely misses the hound skeleton.
You block the hound skeleton's attack.
Are you sure you want to abandon this character and quit the game? (Confirm with "yes".)

#...... #### # #...... #..
.# ####### #)#####.# # #
###)..#... #
....#####..)#.#.##### #
..........).........# #
...#...#..o##.#.....# #
#.⌠.#..@.#.......# #
#...###ZZ#.....#########
..... ..'##.....#.......
.⌠..>. ⌠..........#.#####.
...................#.#.....
.###...###.........#.#.###.
⌠. ..........#....... ..
......#'#.###...<.
......#'#...#.....


You could see an orc wizard, a hound skeleton and the friendly Blork the orc
zombie.

Vanquished Creatures
  2 phantoms (D:4)
  2 ogres
  2 centaurs (D:5)
  Blork the orc (D:5)
  2 scorpions
  2 howler monkeys
  A crimson imp (D:5)
  Terence (D:3)
  A worker ant (D:4)
  Robin (D:3)
  7 adders
  10 gnolls
  An ooze (D:3)
  2 worms
  4 dart slugs
  3 leopard geckos
  4 orcs
  3 bats (D:2)
  4 giant cockroaches
  20 goblins
  6 hobgoblins
  8 jackals
  A quokka (D:2)
  A ball python (D:3)
  A ball python zombie (D:5)
  8 frilled lizards
  5 kobolds
  A leopard gecko skeleton (D:5)
  6 rats
110 creatures vanquished.

Vanquished Creatures (collateral kills)
  A howler monkey skeleton (D:5)
  An orc (D:5)
  A fungus (D:5)
3 creatures vanquished.

Vanquished Creatures (others)
  A human (D:4)
  A centaur zombie (D:5)
  5 toadstools (D:5)
7 creatures vanquished.

Grand Total: 120 creatures vanquished

Notes
Turn   | Place    | Note
-------+----------+-------------------------------------------
     0 | D:1      | sking99 the Vine Stalker Fighter began the quest for the
                  | Orb.
     0 | D:1      | Reached XP level 1. HP: 11/11 MP: 2/2
   162 | D:1      | Reached XP level 2. HP: 14/16 MP: 3/3
   841 | D:1      | Reached XP level 3. HP: 19/19 MP: 4/4
  1150 | D:2      | Reached skill level 3 in Unarmed Combat
  1164 | D:2      | HP: 1/20 [gnoll/+0 club (1)]
  1483 | D:2      | Gained mutation: Your natural rate of healing is unusually
                  | fast. [Vine Stalker growth]
  1483 | D:2      | Reached XP level 4. HP: 24/24 MP: 5/5
  1703 | D:2      | You fall into a shaft and drop 2 floors!
  1773 | D:4      | Found Zesk's Jewellery Shoppe.
  1800 | D:4      | Noticed a phantom
  1850 | D:4      | HP: 1/24 [phantom (3)]
  1889 | D:4      | Killed a phantom
  1889 | D:4      | Reached skill level 4 in Unarmed Combat
  1889 | D:4      | Reached XP level 5. HP: 22/28 MP: 6/6
  1936 | D:4      | Reached XP level 6. HP: 32/33 MP: 7/7
  2081 | D:4      | Found a basalt altar of Yredelemnul.
  2139 | D:4      | Found a white marble altar of Elyvilon.
  2181 | D:4      | Noticed a phantom
  2212 | D:4      | Killed a phantom
  2212 | D:4      | Reached skill level 5 in Unarmed Combat
  2227 | D:4      | Found a glowing golden altar of the Shining One.
  2306 | D:4      | Became a worshipper of Yredelemnul the Dark
  2391 | D:4      | Found an ancient bone altar of Kikubaaqudgha.
  2397 | D:4      | Noticed a human
  2399 | D:4      | Killed a human
  2485 | D:5      | Entered Level 5 of the Dungeon
  2699 | D:3      | Noticed Robin
  2709 | D:3      | Killed Robin
  2753 | D:3      | Reached XP level 7. HP: 29/37 MP: 8/8
  2952 | D:3      | Found a sparkling altar of Nemelex Xobeh.
  2970 | D:3      | Reached * piety under Yredelemnul
  3155 | D:3      | Found a shimmering blue altar of Sif Muna.
  3169 | D:3      | Noticed Terence
  3184 | D:3      | Killed Terence
  3854 | D:2      | Reached skill level 6 in Unarmed Combat
  4248 | D:5      | Noticed Blork the orc
  4266 | D:5      | Killed Blork the orc
  4266 | D:5      | Gained mutation: You have razor-sharp teeth. [Vine Stalker
                  | growth]
  4266 | D:5      | Reached XP level 8. HP: 35/42 MP: 9/9
  4515 | D:5      | Reached skill level 5 in Fighting
  4515 | D:5      | Reached skill level 5 in Shields
  4527 | D:5      | Found a staircase to the Ecumenical Temple.
  4545 | D:5      | Reached skill level 7 in Unarmed Combat
  4549 | D:5      | Quit the game

Levels and vault maps discovered:
D:1:      scummos_arrival_hexagon, layout_basic, grunt_decor_fettered,
          hangedman_decor_push
D:2:      layout_loops_corners, minmay_tripent
D:3:      layout_loops_ring, led_sif_pool, first_ration, serial_glass,
          glass_columns_c, glass_columns_a, nemelex_dance_club_becter,
          uniq_terence, uniq_robin
D:4:      layout_cave_pools, kennysheep_ying_yang, tso_oasis_becter,
          serial_shops, shop, tgw_kikubaaqudgha
D:5:      layout_basic, minmay_temple_entry_junction_2, hangedman_decor_points,
          minmay_gold_behind_fungi, uniq_blork_the_orc

Skill      XL: |  1  2  3  4  5  6  7  8 |
---------------+-------------------------+-----
Shields        | 3 4 5 |  5.1
Fighting       | 3 4 5 |  5.0
Unarmed Combat | 3 4 5 6 7 |  7.0
Armour         | |  2.4

Action                   |  1- 3 |  4- 6 |  7- 9 || total
-------------------------+-------+-------+-------++-------
Melee: Unarmed           |    99 |   181 |   192 ||   472
       Bite              |    19 |    51 |    60 ||   130
Throw: Throwing net      |     1 |       |       ||     1
Invok: Animate Remains   |       |       |     6 ||     6
 Stab: Held in net/web   |     2 |       |       ||     2
  Eat: Chunk             |     1 |     5 |     8 ||    14
Armor: Scale mail        |    21 |    57 |    37 ||   115
       Chain mail        |       |       |    25 ||    25
Dodge: Dodged            |    22 |    29 |    39 ||    90
Block: Shield            |    41 |    64 |    70 ||   175
